AoeStats
← Comend x comend

Nomad

509488111Analyzed
4v4 RM · 4d ago on Sep 26, 2026· 50m 53s· 8 players
Game mode
Random Map
Map size
231×231
Population
200
Speed
Normal
Resources
Standard
Victory
Conquest
Starting age
Dark Age
Ending age
Imperial Age
RankedLock teamsTeams togetherTeam positionsShared explorationLock speedFull tech treeHidden civsTurbo modeCheats
Victory
Defeat
🇵🇪 Italians · Peru
1356
+15
🇹🇷 Armenians · Türkiye
1341
+16
🇫🇷 Vietnamese · France
1335
+16
🇹🇷 Huns · Türkiye
1245
+21
🇳🇿 Varangians · New Zealand
1393
-19
🇺🇸 Danes · United States
1354
-18
🇨🇴 Vietnamese · Colombia
1315
-16
🇺🇸 Vikings · United States
1293
-15
Im a Smurf
10:55 Loom
13:32 Feudal Age
13:52 Man-at-Arms
14:20 Arson
20:32 Castle Age
19:12 Scale Mail Armor
23:30 Forging
23:36 Chain Mail Armor
23:33 Double-Bit Axe
25:06 Bow Saw
28:00 Iron Casting
29:35 Fletching
30:06 Squires
35:09 Imperial Age
32:22 Horse Collar
32:48 Gold Mining
32:48 Stone Mining
33:08 Elite Skirmisher
36:04 Bodkin Arrow
36:09 Padded Archer Armor
35:55 Imperial Skirmisher
38:45 Plate Mail Armor
38:31 Leather Archer Armor
40:32 Gold Shaft Mining
39:36 Elite Varangian Guard
40:38 Murder Holes
40:55 Masonry
46:12 Blast Furnace
46:41 Crossbowman
48:44 Arbalester
51:01 Ring Archer Armor
50:31 Bracer
Tin
5:05 Loom
12:53 Feudal Age
18:36 Castle Age
19:08 Elite Skirmisher
20:41 Horse Collar
25:38 Double-Bit Axe
29:09 Wheelbarrow
28:44 Town Watch
31:35 Fletching
34:55 Imperial Age
32:42 Bodkin Arrow
32:48 Padded Archer Armor
33:36 Scale Mail Armor
33:47 Forging
34:40 Ballistics
34:44 Leather Archer Armor
35:41 Bracer
35:04 Imperial Skirmisher
36:04 Pikeman
37:35 Heavy Plow
38:15 Chain Mail Armor
38:35 Iron Casting
40:06 Plate Mail Armor
41:32 Blast Furnace
42:29 Ring Archer Armor
42:03 Squires
41:59 Halberdier
squeegee
3:01 Loom
13:18 Feudal Age
18:01 Castle Age
20:49 Fletching
29:34 Bodkin Arrow
32:04 Wheelbarrow
32:45 Horse Collar
36:54 Imperial Age
35:50 Scale Barding Armor
35:56 Forging
36:22 Bloodlines
37:43 Chain Barding Armor
38:00 Iron Casting
38:28 Conscription
38:16 Bracer
38:20 Husbandry
40:24 Plate Barding Armor
39:17 Elite Jarl
44:17 Blast Furnace
46:17 Hand Cart
[VA] Santi.TNT
6:42 Loom
14:10 Feudal Age
18:09 Castle Age
19:11 Fletching
Comend x comend
4:56 Loom
6:38 Loom
13:06 Feudal Age
16:46 Double-Bit Axe
19:07 Castle Age
17:19 Gold Mining
17:22 Stone Mining
25:55 Gold Mining
36:35 Imperial Age
33:58 Horse Collar
38:18 Chemistry
49:00 Wheelbarrow
Gericault667
4:13 Loom
13:53 Feudal Age
17:58 Castle Age
16:18 Double-Bit Axe
16:30 Stone Mining
16:35 Fishing Lines
17:41 Wheelbarrow
17:14 Gold Mining
18:47 Fletching
19:20 Town Watch
21:39 Bodkin Arrow
25:23 Hand Cart
25:39 Padded Archer Armor
29:57 Bow Saw
30:06 Town Patrol
34:40 Ballistics
34:38 Leather Archer Armor
35:06 Stone Shaft Mining
42:05 Imperial Age
42:00 Treadmill Crane
42:31 Masonry
42:36 Elite Rattan Archer
42:55 Capped Ram
44:57 Chemistry
44:06 Bracer
43:57 Horse Collar
45:51 Hoardings
48:19 Siege Engineers
48:10 Murder Holes
48:55 Ring Archer Armor
48:37 Forging
48:42 Squires
48:27 Arson
50:16 Scale Mail Armor
50:26 Thumb Ring
EşrefÇift
3:44 Loom
14:34 Feudal Age
20:08 Castle Age
21:21 Fishing Lines
22:49 Stone Mining
22:52 Gold Mining
23:34 Double-Bit Axe
23:31 Horse Collar
24:06 Gillnets
27:14 Wheelbarrow
26:27 Town Watch
26:42 Fletching
28:32 Ballistics
29:41 Padded Archer Armor
30:48 Bow Saw
31:50 Bloodlines
34:14 Bodkin Arrow
34:35 Leather Archer Armor
36:14 Scale Barding Armor
36:21 Forging
36:15 Husbandry
36:23 Marauders
37:18 Chain Barding Armor
45:03 Imperial Age
43:32 Masonry
45:08 Murder Holes
45:34 Town Patrol
46:15 Heavy Plow
47:48 Conscription
46:53 Elite Tarkan
47:38 Scale Mail Armor
49:52 Plate Barding Armor
49:56 Iron Casting
49:38 Chain Mail Armor
51:15 Two-Man Saw
50:28 Bracer
Hekimoglu
5:06 Loom
12:58 Feudal Age
13:26 Double-Bit Axe
15:07 Wheelbarrow
15:30 Fishing Lines
21:56 Castle Age
19:49 Gold Mining
24:24 Bow Saw
24:08 Gillnets
25:12 Medium Warships
26:38 Gold Shaft Mining
29:38 Hand Cart
29:09 Town Watch
34:45 Imperial Age
32:13 Stone Mining
32:58 Scale Mail Armor
33:37 Man-at-Arms
34:18 Squires
34:48 Chain Mail Armor
34:43 Forging
34:56 Ballistics
34:16 Treadmill Crane
34:46 Masonry
35:01 Ballistics
34:54 Long Swordsman
35:19 Gambesons
34:56 Pikeman
36:07 Plate Mail Armor
35:40 Two-Handed Swordsman
35:40 Halberdier
36:32 Champion
37:48 Iron Casting
38:16 Chemistry
37:22 Siphons
37:35 Clinker Construction
37:36 Careening
38:31 Arson
39:40 Fereters
39:56 Conscription
40:12 Hoardings
39:43 Cilician Fleet
39:09 Sappers
41:24 Blast Furnace
40:14 Fletching
40:25 Padded Archer Armor
40:25 Murder Holes
43:12 Coinage
42:43 Caravan
42:54 Guilds
43:57 Elite Composite Bowman
44:32 Bodkin Arrow
44:53 Leather Archer Armor
47:26 Bracer
47:56 Ring Archer Armor
48:05 Horse Collar
Connection lost

Rejoining the realm…

Still unreachable

The connection could not be restored.

Session expired

The server has moved on; the page needs a fresh start.